Workbook

Sheet ADECUACION PPTO
C2: SECRETARIA DE EDUCACIÓN MUNICIPAL
C4: MEJORAMIENTO INSTITUCION EDUCATIVA CELMIRA BUENO SEDE MARIANO OSPINA PEREZ - ADECUACION COCINA
C6: CUADRO DE CANTIDADES Y PRECIOS
C8: ITEMS | D8: ACTIVIDAD | E8: UNIDAD | F8: CANTIDAD/ TOTAL | G8: VALOR UNIT | H8: V/R TOTAL
C10: 1 | D10: PRELIMINARES
A11: 100119 | B11: 1002 | C11: =+C10+0.01 -> 1.01 | D11: CERRAMIENTO TELA FIB.TEJIDA H=2.10M-BORD | E11: ML | F11: 20 | G11: 11779 | H11: =+F11*G11 -> 235580 | K11: =+VLOOKUP(A11,#REF!,4,FALSE()) -> #REF! | L11: =+ROUND(K11,0) -> #REF! | M11: CERRAMIENTO TELA FIB.TEJIDA H=2.10M-BORD
A12: 330301 | B12: 1003 | C12: =+C11+0.01 -> 1.02 | D12: CINTA SEGURIDAD PREVENTIVA A=8CM-250MTS. | E12: UND | F12: 3 | G12: 142082 | H12: =+F12*G12 -> 426246 | K12: =+VLOOKUP(A12,#REF!,4,FALSE()) -> #REF! | L12: =+ROUND(K12,0) -> #REF! | M12: CINTA SEGURIDAD PREVENTIVA A=8CM-250MTS.
C13: =+C12+0.01 -> 1.03 | D13: EXCAVACION TIERRA A MANO | E13: M3 | F13: 59 | G13: 16152 | H13: =+F13*G13 -> 952968
C14: =+C13+0.01 -> 1.04 | D14: RELLENO ROCAMUERTA COMPACT-RANA+ACARREO (INCLUYE TRANSPORTE) | E14: M3 | F14: 27 | G14: 77692 | H14: =+F14*G14 -> 2097684
B15: 1061 | C15: =+C14+0.01 -> 1.05 | D15: RETIRO ESCOMBROS MANUAL-VOLQUETA. INCLUYE DISPOSICiÓN EN BOTADERO OFICIAL (DECRETO 0291 de 2005) | E15: M3 | F15: 175 | G15: 37972 | H15: =+F15*G15 -> 6645100 | K15: 37972 | L15: =+ROUND(K15,0) -> 37972 | M15: RETIRO ESCOMBROS MANUAL-VOLQUETA. INCLUYE DISPOSICiÓN EN BOTADERO OFICIAL (DECRETO 0291 de 2005)
C16: =+C15+0.01 -> 1.06 | D16: DEMOL.MURO LAD. SOGA | E16: M2 | F16: 45 | G16: 5956 | H16: =+F16*G16 -> 268020
G18: TOTAL CAPITULO | H18: =SUM(H11:H17) -> 10625598
A20: 120303 | C20: 2 | D20: INSTALACIONES ELECTRICAS | K20: =+VLOOKUP(A20,#REF!,4,FALSE()) -> #REF! | L20: =+ROUND(K20,0) -> #REF!
C21: 2.1 | D21: ILUMINACION | H21: =+SUM(H22:H22) -> 1769060
C22: =+C21+0.01 -> 2.11 | D22: PANEL LED 30X120 40-50W CON MARCO DE INCRUSTAR, COLGAR O SOBREPONER (MARCA RECONOCIDA) | E22: UND | F22: 10 | G22: 176906 | H22: =+F22*G22 -> 1769060
C23: 2.2 | D23: TOMACORRIENTES, INTERRUPTORES Y ACCESORIOS | H23: =SUM(H24:H26) -> 2721660
A24: 170657 | B24: 8004 | C24: =+C23+0.01 -> 2.21 | D24: SAL TOMA 120 EMT (CABLE COBRE HF-ZH) | E24: UND | F24: 4 | G24: 147308 | H24: =+F24*G24 -> 589232 | K24: 176906.29 | L24: =+ROUND(K24,0) -> 176906 | M24: PANEL LED 30X120 40-50W CON MARCO DE INCRUSTAR, COLGAR O SOBREPONER (MARCA RECONOCIDA)
C25: =+C24+0.01 -> 2.22 | D25: SALIDA S1 EMT (CABLE COBRE HF-ZH) EMT | E25: UND | F25: 2 | G25: 139994 | H25: =+F25*G25 -> 279988
A26: 170724 | B26: 8011 | C26: =+C25+0.01 -> 2.23 | D26: SAL LAMP (CABLE COBRE HF-ZH) EMT | E26: UND | F26: 15 | G26: 123496 | H26: =+F26*G26 -> 1852440 | K26: =+VLOOKUP(A26,#REF!,4,FALSE()) -> #REF! | L26: =+ROUND(K26,0) -> #REF! | M26: SAL TOMA 120 EMT (CABLE COBRE HF-ZH)
A27: 170538 | B27: 8014 | C27: 2.3 | D27: TUBERIAS Y BANDEJAS ELECTRICAS | H27: =+H28 -> 279100 | K27: =+VLOOKUP(A27,#REF!,4,FALSE()) -> #REF! | L27: =+ROUND(K27,0) -> #REF! | M27: SALIDA S1 EMT (CABLE COBRE HF-ZH) EMT
A28: 170408 | B28: 8001 | C28: =+C27+0.01 -> 2.31 | D28: TUBERÍA EMT 3/4 | E28: ML | F28: 20 | G28: 13955 | H28: =+F28*G28 -> 279100 | K28: =+VLOOKUP(A28,#REF!,4,FALSE()) -> #REF! | L28: =+ROUND(K28,0) -> #REF! | M28: SAL LAMP (CABLE COBRE HF-ZH) EMT
C29: 2.4 | D29: CABLES | H29: =SUM(H30:H34) -> 4974938
A30: 173003 | B30: 8082 | C30: =+C29+0.01 -> 2.41 | D30: CABLE COBRE HF-ZH# 12 | E30: ML | F30: 35 | G30: 4880 | H30: =+F30*G30 -> 170800 | K30: =+VLOOKUP(A30,#REF!,4,FALSE()) -> #REF! | L30: =+ROUND(K30,0) -> #REF! | M30: TUBERÍA EMT 3/4
C31: =+C30+0.01 -> 2.42 | D31: ACOM.E.2F(2# 4+1# 8) 1" EMT" | E31: ML | F31: 20 | G31: 74960 | H31: =+F31*G31 -> 1499200
A32: 170134 | B32: 8086 | C32: =+C31+0.01 -> 2.43 | D32: ACOM.E.2F(2# 10+1#10) ,3/4" EMT" | E32: ML | F32: 28 | G32: 37381 | H32: =+F32*G32 -> 1046668 | K32: =+VLOOKUP(A32,#REF!,4,FALSE()) -> #REF! | L32: =+ROUND(K32,0) -> #REF! | M32: CABLE COBRE HF-ZH# 12
A33: 172606 | C33: =+C32+0.01 -> 2.44 | D33: CABLE COBRE DESNUDO #1/0 | E33: ML | F33: 35 | G33: 53842 | H33: =+F33*G33 -> 1884470 | K33: =+VLOOKUP(A33,#REF!,4,FALSE()) -> #REF! | L33: =+ROUND(K33,0) -> #REF! | M33: ACOM.E.2F(2# 4+1# 8) 1" EMT"
A34: 172609 | B34: 8102 | C34: =+C33+0.01 -> 2.45 | D34: CABLE ENCAUCHETADO HF-ZH# 3*12 AWG | E34: ML | F34: 35 | G34: 10680 | H34: =+F34*G34 -> 373800 | K34: =+VLOOKUP(A34,#REF!,4,FALSE()) -> #REF! | L34: =+ROUND(K34,0) -> #REF! | M34: ACOM.E.2F(2# 10+1#10) ,3/4" EMT"
A35: 171204 | C35: 2.5 | D35: PROTECCIONES ELECTRICAS | H35: =SUM(H36:H36) -> 134721 | K35: =+VLOOKUP(A35,#REF!,4,FALSE()) -> #REF! | L35: =+ROUND(K35,0) -> #REF! | M35: CABLE COBRE DESNUDO #1/0
B36: 8093 | C36: =+C35+0.01 -> 2.51 | D36: BREAKER 1F DESDE 15 HASTA 60 AMP | E36: UND | F36: 3 | G36: 44907 | H36: =+F36*G36 -> 134721 | K36: 10680 | L36: =+ROUND(K36,0) -> 10680 | M36: CABLE ENCAUCHETADO HF-ZH# 3*12 AWG
C37: 2.6 | D37: CAJAS Y GABINETES | H37: =SUM(H38:H41) -> 1340004 | L37: =+ROUND(K37,0) -> 0
A38: 170813 | B38: 8053 | C38: =+C37+0.01 -> 2.61 | D38: TABLERO 3F 24 CTOS NTQ | E38: UND | F38: 1 | G38: 704006 | H38: =+F38*G38 -> 704006 | K38: =+VLOOKUP(A38,#REF!,4,FALSE()) -> #REF! | L38: =+ROUND(K38,0) -> #REF! | M38: BREAKER 1F DESDE 15 HASTA 60 AMP
C39: =+C38+0.01 -> 2.62 | D39: CAJA RECTANGULAR DE ALUMINIO 5800. | E39: UND | F39: 8 | G39: 13900 | H39: =+F39*G39 -> 111200 | L39: =+ROUND(K39,0) -> 0
A40: 5938 | B40: 8019 | C40: =+C39+0.01 -> 2.63 | D40: CAJA DE PASO CONCRETO 5O X5O CM | E40: UND | F40: 2 | G40: 154411 | H40: =+F40*G40 -> 308822 | K40: =+VLOOKUP(A40,#REF!,4,FALSE()) -> #REF! | L40: =+ROUND(K40,0) -> #REF! | M40: CAJA RECTANGULAR DE ALUMINIO 5800.
A41: APU | B41: 8020 | C41: =+C40+0.01 -> 2.64 | D41: TAPA CAJA MARCO ANGULO 40X40 - 50X50 | E41: UND | F41: 2 | G41: 107988 | H41: =+F41*G41 -> 215976 | K41: 1492.29 | L41: =+ROUND(K41,0) -> 1492 | M41: TAPA CIEGA DE 2*4 METÁLICA
A42: 110201 | C42: 2.7 | D42: REGATAS Y RESANE | H42: =SUM(H43:H43) -> 79120 | K42: =+VLOOKUP(A42,#REF!,4,FALSE()) -> #REF! | L42: =+ROUND(K42,0) -> #REF! | M42: CAJA DE PASO CONCRETO 5O X5O CM
A43: 111002 | C43: =+C42+0.01 -> 2.71 | D43: RESANE REPELLO MURO 1:3 | E43: ML | F43: 10 | G43: 7912 | H43: =+F43*G43 -> 79120 | K43: =+VLOOKUP(A43,#REF!,4,FALSE()) -> #REF! | L43: =+ROUND(K43,0) -> #REF! | M43: TAPA CAJA MARCO ANGULO 40X40 - 50X50
G44: TOTAL CAPITULO | H44: =+H42+H37+H35+H29+H27+H23+H21 -> 11298603 | L44: =+ROUND(K44,0) -> 0
C46: 3 | D46: MURO
C47: =+C46+0.01 -> 3.01 | D47: MURO LAD.SOGA SUCIO | E47: M2 | F47: 15 | G47: 55203 | H47: =+F47*G47 -> 828045
C48: =+C47+0.01 -> 3.02 | D48: REPELLO MURO 1:3 | E48: M2 | F48: 45 | G48: 24250 | H48: =+F48*G48 -> 1091250
C49: =+C48+0.01 -> 3.03 | D49: CINTA CONFINAMIENTO MURO 3000 PSI | E49: ML | F49: 15 | G49: 31079 | H49: =+F49*G49 -> 466185
C50: =+C49+0.01 -> 3.04 | D50: COLUMNA AMARRE MURO 3000 PSI | E50: ML | F50: 10 | G50: 47614 | H50: =+F49*G50 -> 714210
H51: =SUM(H47:H50) -> 3099690
C53: 4 | D53: PINTURA
C54: =+C53+0.01 -> 4.01 | D54: ESTUCO ACRLICO | E54: M2 | F54: 85.720569 | G54: 19361 | H54: =+F54*G54 -> 1659635.9
C55: =+C54+0.01 -> 4.02 | D55: RASQUETEADA-LAVADA SUPERFICIE | E55: M2 | F55: 75 | G55: 3374 | H55: =+F55*G55 -> 253050
C56: =+C55+0.01 -> 4.03 | D56: EPOXICA MURO POLIAMIDA | E56: M2 | F56: 263 | G56: 14933 | H56: =+F56*G56 -> 3927379
C57: =+C56+0.01 -> 4.04 | D57: EPOXICA CIELOS POLIAMIDA | E57: M2 | F57: 180 | G57: 17526 | H57: =+F57*G57 -> 3154680
H58: =SUM(H54:H57) -> 8994744.9
C59: 5 | D59: CONEXIÓN GAS
C60: =+C59+0.01 -> 5.01 | D60: CONEXIÓN DE GAS | E60: GLB | F60: 1 | G60: 5500000 | H60: =+F60*G60 -> 5500000
H61: =SUM(H60) -> 5500000
C63: 6 | D63: PISOS
C64: =+C63+0.01 -> 6.01 | D64: DEMOL.ANDEN/CONTRAPISO CONC.E 7.6 A 12CM | E64: M2 | F64: 52 | G64: 5472 | H64: =+F64*G64 -> 284544
A65: 190909 | C65: =+C64+0.01 -> 6.02 | D65: CONTRAPISO CONCRETO E=15CM 2.500Psi | E65: M2 | F65: 52 | G65: 77178 | H65: =+F65*G65 -> 4013256 | K65: =+VLOOKUP(A65,#REF!,4,FALSE()) -> #REF! | L65: =+ROUND(K65,0) -> #REF! | M65: RESANE REPELLO MURO 1:3
C66: =+C65+0.01 -> 6.03 | D66: BALDOSA GRANO # 2-3 30-35x30-35 CONMARMO | E66: M2 | F66: 52 | G66: 110800 | H66: =+F66*G66 -> 5761600
H67: =SUM(H64:H66) -> 10059400
A69: 180101 | B69: 10005 | C69: 7 | D69: CARPINTERIA METALICA | K69: =+VLOOKUP(A69,#REF!,4,FALSE()) -> #REF! | L69: =+ROUND(K69,0) -> #REF! | M69: ESTRUCTURA METALlCA EN ACERO ESTRUCTURAL TIPO TUBERIAS Y PERLINES PARA CUBIERTA (SEGUN DISEÑO) INCLUYE FABRICACION, TRANSPORTE, MONTAJE, PINTURA ANTICORROSIVO Y ESMALTE
C70: =+C69+0.01 -> 7.01 | D70: MESON A.INOX. 51-60CM CAL.18 T-304 | E70: ML | F70: 16 | G70: 754713 | H70: =+F70*G70 -> 12075408
C71: =+C70+0.01 -> 7.02 | D71: NAVE LAM.LLENA BAT.+CERR.+PINT CAL.20 | E71: UND | F71: 2 | G71: 417852 | H71: =+F71*G71 -> 835704
C72: =+C71+0.01 -> 7.03 | D72: CAMPANA EXTRACTORA EN ACERO INOXIDABLE | E72: UND | F72: 1 | G72: 9000000 | H72: =+F72*G72 -> 9000000
A73: 180924 | B73: 10026 | C73: =+C72+0.01 -> 7.04 | D73: MARCO LAM. 1.51-2.0 M CAL.20 LISO S/LUCE | E73: UND | F73: 2 | G73: 148444 | H73: =+F73*G73 -> 296888 | K73: =+VLOOKUP(A73,#REF!,4,FALSE()) -> #REF! | L73: =+ROUND(K73,0) -> #REF! | M73: TEJA UPVC E=2,5MM
C74: =+C73+0.01 -> 7.05 | D74: LAVAPLATOS [S] A.INOX 40X40X18-20CM DR | E74: UND | F74: 1 | G74: 672997 | H74: =+F74*G74 -> 672997
C75: =+C74+0.01 -> 7.06 | D75: CORTINA ENROLLABLE PENTAGRAMA APERT-1-5% | E75: M2 | F75: 16 | G75: 189143 | H75: =+F75*G75 -> 3026288
H76: =SUM(H70:H75) -> 25907285
C77: 8 | D77: INSTALACIONES HIDRO SANITARIAS
C78: =+C77+0.01 -> 8.01 | D78: TUB.PVC 6 SANI. | E78: ML | F78: 25 | G78: 49412 | H78: =+F78*G78 -> 1235300
C79: =+C78+0.01 -> 8.02 | D79: TUB.PVC 2 SANI. | E79: ML | F79: 10 | G79: 15482 | H79: =+F79*G79 -> 154820
C80: =+C79+0.01 -> 8.03 | D80: TUB.PVC 3 SANI. | E80: ML | F80: 4 | G80: 18493 | H80: =+F80*G80 -> 73972
C81: =+C80+0.01 -> 8.04 | D81: TUB.PVC 4 SANI. | E81: ML | F81: 10 | G81: 18493 | H81: =+F81*G81 -> 184930
C82: =+C81+0.01 -> 8.05 | D82: CAJA INSPECCION 80x 80 CM [CONCRETO] | E82: UND | F82: 4 | G82: 414160 | H82: =+F82*G82 -> 1656640
C83: =+C82+0.01 -> 8.06 | D83: TRAMPA GRASAS 125 LITROS | E83: UND | F83: 1 | G83: 269276 | H83: =+F83*G83 -> 269276
C84: =+C83+0.01 -> 8.07 | D84: INSTALACION TUBERIA PRESION ,1/2" | E84: ML | F84: 27 | G84: 2528 | H84: =+F84*G84 -> 68256
C85: =+C84+0.01 -> 8.08 | D85: PUNTO AGUA FRIA PVC ,1/2 | E85: PTO | F85: 3 | G85: 48500 | H85: =+F85*G85 -> 145500
C86: =+C85+0.01 -> 8.09 | D86: SIFON SANITARIO PVC 3" | E86: UND | F86: 2 | G86: 9867 | H86: =+F86*G86 -> 19734
C87: =+C86+0.01 -> 8.1 | D87: SIFON SANITARIO PVC 4" | E87: UND | F87: 1 | G87: 15669 | H87: =+F87*G87 -> 15669
C88: =+C87+0.01 -> 8.11 | D88: VALVULA CIERRE ELASTICO ,1/2" | E88: UND | F88: 1 | G88: 34161 | H88: =+F88*G88 -> 34161
C89: =+C88+0.01 -> 8.12 | D89: GRIFO LAVAPLATOS 8 MEZCL | E89: UND | F89: 1 | G89: 114514 | H89: =+F89*G89 -> 114514
H90: =SUM(H78:H89) -> 3972772
C91: 9 | D91: RETIRO DE SALDOS Y LIMPIEZA GENERAL
C92: =+C91+0.01 -> 9.01 | D92: LIMPIEZA GENERAL | E92: M2 | F92: 122 | G92: 2066 | H92: =+F92*G92 -> 252052
G93: TOTAL CAPITULO | H93: =SUM(H92:H92) -> 252052
F96: TOTAL COSTO DIRECTO | H96: =+H93+H90+H67+H58+H44+H18+H61+H51+H76 -> 79710145
G97: ADMINISTRACIÓN (33%) | H97: =+H96*33% -> 26304348
G98: UTILIDAD (5%) | H98: =+H96*5% -> 3985507.2
G99: TOTAL COSTOS INDIRECTOS | H99: =+H97+H98 -> 30289855
G101: PRESUPUESTO TOTAL | H101: =+H96+H100+H99 -> 110000000 | J101: 110000000
F104: PRESUPUESTO OBRA | H104: =+H101 -> 110000000
F105: INTERVENTORIA | H105: =+H104*0.07 -> 7700000
F106: COSTO TOTAL | H106: =+H104+H105 -> 117700000
H109: 110000000

Sheet APUS
A1: 1 | B1: =+'ADECUACION PPTO'!D10 -> PRELIMINARES
A2: =+'ADECUACION PPTO'!C11 -> 1.01 | B2: CERRAMIENTO TELA FIB.TEJIDA H=2.10M-BORD | G2: Unidad: ML
B4: DESCRIPCION | C4: UND | D4: CANT. | E4: DESP.% | F4: PRECIO UNIT | G4: VALOR TOTAL
B6: MATERIALES
B7: GUADUA [TACO] 2.50-3M | C7: UND | D7: 0.2
B8: PUNTILLA 2 CC | C8: LBS | D8: 0.1
B9: ALAMBRE GALVANIZADO # 18 | C9: KG | D9: 0.2
B10: MALLA FIBRA TEJIDA H=2.10M | C10: M2 | D10: 1
F11: SUBTOTAL MATERIALES
B12: MANO DE OBRA
B13: M.O. ALBANILERIA 1 AYUDANTE-1 OFI | C13: HC | D13: 0.1
F14: SUBTOTAL MANO DE OBRA
B15: EQUIPO
B16: HERRAMIENTA MENOR | C16: GLB | D16: 0.15
F17: SUBTOTAL EQUIPO
B18: OTROS
F20: SUBTOTAL OTROS
E22: COSTO DIRECTO
A24: =+'ADECUACION PPTO'!C12 -> 1.02 | B24: CINTA SEGURIDAD PREVENTIVA A=8CM-250MTS. | G24: Unidad: UND
B26: DESCRIPCION | C26: UND | D26: CANT. | E26: DESP.% | F26: PRECIO UNIT | G26: VALOR TOTAL
B28: MATERIALES
B29: CINTA SEGURIDAD PREVENTIVA | C29: ROL | D29: 1
B30: HIERRO de 60000 PSI 420 MPA | C30: KLS | D30: 12
B31: MEZCLA CONCRETO 1:2.5:4« 2500 PSI-17.5MPa | C31: M3 | D31: 0.125
F32: SUBTOTAL MATERIALES
B33: MANO DE OBRA
B34: M.O. ALBANILERIA 1 AYUDANTE | C34: HC | D34: 0.3997
B35: M.O. ALBANILERIA 1 AYUDANTE-1 OFI | C35: HC | D35: 0.2
F36: SUBTOTAL MANO DE OBRA
B37: OTROS
F39: SUBTOTAL OTROS
E41: COSTO DIRECTO
A43: =+'ADECUACION PPTO'!C13 -> 1.03 | B43: EXCAVACION TIERRA A MANO | G43: Unidad: M3
B45: DESCRIPCION | C45: UND | D45: CANT. | E45: DESP.% | F45: PRECIO UNIT | G45: VALOR TOTAL
B47: MANO DE OBRA
B48: M.O. ALBANILERIA 1 AYUDANTE | C48: HC | D48: 2
F49: SUBTOTAL MANO DE OBRA
B50: EQUIPO
B51: HERRAMIENTA MENOR | C51: GLB | D51: 0.101
F52: SUBTOTAL EQUIPO
B53: OTROS
F55: SUBTOTAL OTROS | G55: 0
E57: COSTO DIRECTO
A59: =+'ADECUACION PPTO'!C14 -> 1.04 | B59: RELLENO ROCAMUERTA COMPACT-RANA+ACARREO (INCLUYE TRANSPORTE) | G59: Unidad: M3
G60: ITEM: 2,03
B61: DESCRIPCION | C61: UND | D61: CANT. | E61: DESP.% | F61: PRECIO UNIT | G61: VALOR TOTAL
B63: MATERIALES
B64: ROCA MUERTA | C64: M3 | D64: 1.3 | G64: =D64*F64 -> 0
B65: GASOLINA CORRIENTE | C65: GLN | D65: 0.2 | G65: =D65*F65 -> 0
B66: ACEITE MOTOR 4 TIEMPOS | C66: GLN | D66: 0.01 | G66: =D66*F66 -> 0
F67: SUBTOTAL MATERIALES | G67: =SUM(G64:G66) -> 0
B68: MANO DE OBRA
B69: M.O. ALBANILERIA 3 AYUDANTE-1 OFI | C69: HC | D69: 0.6 | G69: =D69*F69 -> 0
F70: SUBTOTAL MANO DE OBRA | G70: =SUM(G69) -> 0
B71: EQUIPO
B72: VIBROCOMPACTADOR TIPO RANA | C72: DIA | D72: 0.2 | G72: =D72*F72 -> 0
B73: CARRETA TIPO BUGUI | C73: DIA | D73: 0.16 | G73: =D73*F73 -> 0
B74: HERRAMIENTA MENOR | C74: GLB | D74: 1 | F74: =0.05*G70 -> 0 | G74: =D74*F74 -> 0
F75: SUBTOTAL EQUIPO | G75: =SUM(G72:G74) -> 0
B76: OTROS
F78: SUBTOTAL OTROS | G78: 0
E80: COSTO DIRECTO | F80: =G67+G70+G75+G78 -> 0 | G80: =ROUND(F80,0) -> 0
A82: =+'ADECUACION PPTO'!C15 -> 1.05 | B82: RETIRO ESCOMBROS MANUAL-VOLQUETA. INCLUYE DISPOSICiÓN EN BOTADERO OFICIAL (DECRETO 0291 de 2005) | G82: Unidad: M3
G83: ITEM: 10,03
B84: DESCRIPCION | C84: UND | D84: CANT. | E84: DESP.% | F84: PRECIO UNIT | G84: VALOR TOTAL
B86: EQUIPO
B87: VOLQUETA(ACARREO) | C87: M3K | D87: 1
F88: SUBTOTAL EQUIPO
B89: MANO DE OBRA
B90: M.O. ALBANILERIA 1 AYUDANTE | C90: HC | D90: 0.7
F91: SUBTOTAL MANO DE OBRA
B92: EQUIPO
B93: HERRAMIENTA MENOR | C93: GLB | D93: 1
F94: SUBTOTAL EQUIPO
B95: OTROS
F96: SUBTOTAL OTROS
E98: COSTO DIRECTO | F98: =0.5*SUM(G87:G96) -> 0 | G98: =+ROUNDUP(F98,0) -> 0
A100: =+'ADECUACION PPTO'!C16 -> 1.06 | B100: DEMOL.MURO LAD. SOGA | G100: Unidad: M2
B102: DESCRIPCION | C102: UND | D102: CANT. | E102: DESP.% | F102: PRECIO UNIT | G102: VALOR TOTAL
B104: MANO DE OBRA
B105: M.O. ALBANILERIA 1 AYUDANTE | C105: HC | D105: 0.55
F106: SUBTOTAL MANO DE OBRA
B107: EQUIPO
B108: HERRAMIENTA MENOR | C108: GLB | D108: 0.08
F109: SUBTOTAL EQUIPO
B110: OTROS
F112: SUBTOTAL OTROS
E114: COSTO DIRECTO
A117: =+'ADECUACION PPTO'!C20 -> 2 | B117: =+'ADECUACION PPTO'!D20 -> INSTALACIONES ELECTRICAS
A118: =+'ADECUACION PPTO'!C21 -> 2.1 | B118: =+'ADECUACION PPTO'!D21 -> ILUMINACION
A119: =+'ADECUACION PPTO'!C22 -> 2.11 | B119: PANEL LED 30X120 40-50W CON MARCO DE INCRUSTAR, COLGAR O SOBREPONER (MARCA RECONOCIDA) | G119: Unidad: UND
G120: ITEM: 8,03
B121: DESCRIPCION | C121: UND | D121: CANT. | E121: DESP.% | F121: PRECIO UNIT | G121: VALOR TOTAL
B123: MATERIALES
B124: PANEL LED 30X120 40-50W CON MARCO DE INCRUSTAR, COLGAR O SOBREPONER (MARCA RECONOCIDA) | C124: UND | D124: 1
B125: CABLE CU ENCAUCH 3x12 HF-ZH | C125: ML | D125: 1
B126: PRENSA ESTOPA 1/2" (13,5 mm) | C126: UND | D126: 2
F127: SUBTOTAL MATERIALES
B129: MANO DE OBRA
B130: M.O. ELECTRICAS 1 AYUDANTE-1 OFI | C130: HC | D130: 0.7
...

Sheet FORMULARIO 1A
A1: LOCALIZACION-REPLANTEO OBRA ARQUITECTON. | F1: Unidad: M2
F2: ITEM 1,01
A3: DESCRIPCION | B3: UND | C3: CANT. | D3: DESP.% | E3: PRECIO UNIT | F3: VALOR TOTAL
A5: MATERIALES
A6: LISTON 2 x2x300 OTOBO | B6: UND | C6: 0.11
A7: PUNTILLA 2 CC | B7: LBS | C7: 0.02
A8: PIOLA GRUESA 50 METROS | B8: ROL | C8: 0.06
A9: MINERAL ROJO | B9: KLS | C9: 0.005
E10: SUBTOTAL MATERIALES
A11: MANO DE OBRA
A12: M.O. ALBANILERIA 2 AYUDANTE-1 OFI | B12: HC
A13: M.O. TOPOGRAFIA 1 CADENERO-1 TOP | B13: HC
E14: SUBTOTAL MANO DE OBRA
A15: EQUIPO
A16: HERRAMIENTA MENOR | B16: GLB
E17: SUBTOTAL EQUIPO
A18: OTROS
E20: SUBTOTAL OTROS | F20: 0
D22: COSTO DIRECTO
A25: CERRAMIENTO TELA FIB.TEJIDA H=2.10M-BORD | F25: Unidad: ML
F26: ITEM 1,02
A27: DESCRIPCION | B27: UND | C27: CANT. | D27: DESP.% | E27: PRECIO UNIT | F27: VALOR TOTAL
A29: MATERIALES
A30: GUADUA [TACO] 2.50-3M | B30: UND | C30: 0.2
A31: PUNTILLA 2 CC | B31: LBS | C31: 0.1
A32: VARETA 2"x1"x3M | B32: UND | C32: 0.6
A33: MALLA FIBRA TEJIDA H=2.10M | B33: M2 | C33: 1
E34: SUBTOTAL MATERIALES | F34: =SUM(F30:F33) -> 0
A35: MANO DE OBRA
A36: M.O. ALBANILERIA 1 AYUDANTE-1 OFI | B36: HC | F36: =+(1+(D36/100))*C36*E36 -> 0
E37: SUBTOTAL MANO DE OBRA | F37: =SUM(F36) -> 0
A38: EQUIPO
A39: HERRAMIENTA MENOR | B39: GLB | E39: =0.05*F37 -> 0 | F39: =C39*E39 -> 0
E40: SUBTOTAL EQUIPO | F40: =SUM(F39) -> 0
A41: OTROS
E43: SUBTOTAL OTROS
D45: COSTO DIRECTO | E45: =F34+F37+F40+F43 -> 0 | F45: =ROUND(E45,0) -> 0
A48: DESM.CUBIERTA FIBRO CEMENTO | F48: Unidad: M2
F49: ITEM 1,03
A50: DESCRIPCION | B50: UND | C50: CANT. | D50: DESP.% | E50: PRECIO UNIT | F50: VALOR TOTAL
A52: MANO DE OBRA
A53: M.O. ALBANILERIA 2 AYUDANTE-1 OFI | B53: HC
E54: SUBTOTAL MANO DE OBRA
A55: EQUIPO
A56: HERRAMIENTA MENOR | B56: GLB
A57: ANDAMIO METALICO TUBULAR CERTIFICADO | B57: U/D
E58: SUBTOTAL EQUIPO
A59: OTROS
E61: SUBTOTAL OTROS
D63: COSTO DIRECTO | E63: =+F54+F58 -> 0 | F63: =+ROUND(E63,0) -> 0
A65: DESM.ESTRUCTURA MADERA T.ASBESTO CEMENTO | F65: Unidad: M2
F66: ITEM 1,04
A67: DESCRIPCION | B67: UND | C67: CANT. | D67: DESP.% | E67: PRECIO UNIT | F67: VALOR TOTAL
A69: MANO DE OBRA
A70: M.O. ALBANILERIA 2 AYUDANTE-1 OFI | B70: HC
E71: SUBTOTAL MANO DE OBRA
A72: EQUIPO
A73: HERRAMIENTA MENOR | B73: GLB
A74: ANDAMIO METALICO TUBULAR CERTIFICADO | B74: U/D
E75: SUBTOTAL EQUIPO
A76: OTROS
E78: SUBTOTAL OTROS
D80: COSTO DIRECTO | E80: =+F71+F75 -> 0
A82: DEMOL.CIELO FALSO TODO TIPO (INCLUYE ESTRUCTURA) | F82: Unidad: M2
F83: ITEM 1,05
A84: DESCRIPCION | B84: UND | C84: CANT. | D84: DESP.% | E84: PRECIO UNIT | F84: VALOR TOTAL
A86: MANO DE OBRA
A87: M.O. ALBANILERIA 2 AYUDANTE | B87: HC
E88: SUBTOTAL MANO DE OBRA
A89: EQUIPO
A90: HERRAMIENTA MENOR | B90: GLB
A91: ANDAMIO METALICO TUBULAR CERTIFICADO | B91: U/D
E92: SUBTOTAL EQUIPO
A93: OTROS
E95: SUBTOTAL OTROS
D97: COSTO DIRECTO
A99: RETIRO DE SALDOS EN SITIO | F99: Unidad: M3
F100: ITEM 1,06
A101: DESCRIPCION | B101: UND | C101: CANT. | D101: DESP.% | E101: PRECIO UNIT | F101: VALOR TOTAL
A103: MANO DE OBRA
A104: M.O. ALBANILERIA 1 AYUDANTE | B104: HC
E105: SUBTOTAL MANO DE OBRA
A106: EQUIPO
A107: CARRETA TIPO BUGUI | B107: DIA
A108: HERRAMIENTA MENOR | B108: GLB
E109: SUBTOTAL EQUIPO
A110: OTROS
E112: SUBTOTAL OTROS
D114: COSTO DIRECTO
A117: RETIRO ESCOMBROS MANUAL-VOLQUETA. INCLUYE DISPOSICiÓN EN BOTADERO OFICIAL (DECRETO 0291 de 2005) | F117: Unidad: M3
F118: ITEM: 1,07
A119: DESCRIPCION | B119: UND | C119: CANT. | D119: DESP.% | E119: PRECIO UNIT | F119: VALOR TOTAL
A121: EQUIPO
A122: VOLQUETA(ACARREO) | B122: M3K
E123: SUBTOTAL EQUIPO
A124: MANO DE OBRA
A125: M.O. ALBANILERIA 1 AYUDANTE | B125: HC
E126: SUBTOTAL MANO DE OBRA
A127: EQUIPO
A128: HERRAMIENTA MENOR | B128: GLB | E128: =0.05*F126 -> 0
...

Sheet CON PRECIOS
A1: LOCALIZACION-REPLANTEO OBRA ARQUITECTON. | F1: Unidad: M2
F2: 1.01
A3: DESCRIPCION | B3: UND | C3: CANT. | D3: DESP.% | E3: PRECIO UNIT | F3: VALOR TOTAL
A5: MATERIALES
A6: LISTON 2 x2x300 OTOBO | B6: UND | C6: 0.11 | E6: 6232 | F6: 685.52
A7: PUNTILLA 2 CC | B7: LBS | C7: 0.02 | E7: 4119 | F7: 82.38
A8: PIOLA GRUESA 50 METROS | B8: ROL | C8: 0.06 | E8: 2852 | F8: 171.12
A9: MINERAL ROJO | B9: KLS | C9: 0.005 | E9: 12886 | F9: 64.43
E10: SUBTOTAL MATERIALES | F10: 1003.45
A11: MANO DE OBRA
A12: M.O. ALBANILERIA 2 AYUDANTE-1 OFI | B12: HC | C12: 0.06 | E12: 33806 | F12: 2028.36
A13: M.O. TOPOGRAFIA 1 CADENERO-1 TOP | B13: HC | C13: 0.015 | E13: 69895 | F13: 1048.42
E14: SUBTOTAL MANO DE OBRA | F14: 3076.78
A15: EQUIPO
A16: HERRAMIENTA MENOR | B16: GLB | C16: 0.041 | E16: 1690 | F16: 69.29
E17: SUBTOTAL EQUIPO | F17: 69.29
A18: OTROS
E20: SUBTOTAL OTROS | F20: 0
D22: COSTO DIRECTO | E22: 4149.52 | F22: 4150 | G22: 4560
A25: CERRAMIENTO TELA FIB.TEJIDA H=2.10M-BORD | F25: Unidad: ML
F26: 1.02
A27: DESCRIPCION | B27: UND | C27: CANT. | D27: DESP.% | E27: PRECIO UNIT | F27: VALOR TOTAL
A29: MATERIALES
A30: GUADUA [TACO] 2.50-3M | B30: UND | C30: 0.2 | E30: 11090 | F30: =+(1+(D30/100))*C30*E30 -> 2218
A31: PUNTILLA 2 CC | B31: LBS | C31: 0.1 | E31: 4119 | F31: =+(1+(D31/100))*C31*E31 -> 411.9
A32: VARETA 2"x1"x3M | B32: UND | C32: 0.6 | E32: 4500 | F32: =+(1+(D32/100))*C32*E32 -> 2700
A33: MALLA FIBRA TEJIDA H=2.10M | B33: M2 | C33: 1 | E33: 3327 | F33: =+(1+(D33/100))*C33*E33 -> 3327
E34: SUBTOTAL MATERIALES | F34: =SUM(F30:F33) -> 8656.9
A35: MANO DE OBRA
A36: M.O. ALBANILERIA 1 AYUDANTE-1 OFI | B36: HC | C36: 0.1 | E36: 28067 | F36: =+(1+(D36/100))*C36*E36 -> 2806.7
E37: SUBTOTAL MANO DE OBRA | F37: =SUM(F36) -> 2806.7
A38: EQUIPO
A39: HERRAMIENTA MENOR | B39: GLB | C39: 1 | E39: =0.05*F37 -> 140.335 | F39: =C39*E39 -> 140.335
E40: SUBTOTAL EQUIPO | F40: =SUM(F39) -> 140.335
A41: OTROS
E43: SUBTOTAL OTROS
D45: COSTO DIRECTO | E45: =F34+F37+F40+F43 -> 11603.935 | F45: =ROUND(E45,0) -> 11604 | G45: 11779
A48: DESM.CUBIERTA FIBRO CEMENTO | F48: Unidad: M2
F49: 1.03
A50: DESCRIPCION | B50: UND | C50: CANT. | D50: DESP.% | E50: PRECIO UNIT | F50: VALOR TOTAL
A52: MANO DE OBRA
A53: M.O. ALBANILERIA 2 AYUDANTE-1 OFI | B53: HC | C53: 0.15 | E53: 33806 | F53: 5070.9
E54: SUBTOTAL MANO DE OBRA | F54: 5070.9
A55: EQUIPO
A56: HERRAMIENTA MENOR | B56: GLB | C56: 0.052 | E56: 1690 | F56: 87.88
A57: ANDAMIO METALICO TUBULAR CERTIFICADO | B57: U/D | C57: 0.1 | E57: 3000 | F57: 116.2
E58: SUBTOTAL EQUIPO | F58: =SUM(F56:F57) -> 204.08
A59: OTROS
E61: SUBTOTAL OTROS | F61: 0
D63: COSTO DIRECTO | E63: =+F54+F58 -> 5274.98 | F63: =+ROUND(E63,0) -> 5275 | G63: 5791
A65: DESM.ESTRUCTURA MADERA T.ASBESTO CEMENTO | F65: Unidad: M2
F66: 1.04
A67: DESCRIPCION | B67: UND | C67: CANT. | D67: DESP.% | E67: PRECIO UNIT | F67: VALOR TOTAL
A69: MANO DE OBRA
A70: M.O. ALBANILERIA 2 AYUDANTE-1 OFI | B70: HC | C70: 0.2501 | E70: 33806 | F70: 8454.88
E71: SUBTOTAL MANO DE OBRA | F71: 8454.88
A72: EQUIPO
A73: ANDAMIO METALICO TUBULAR CERTIFICADO | B73: U/D | C73: 0.1 | E73: 3000 | F73: =+C73*E73 -> 300
A74: TABLONES DE 3 MTS | B74: DIA | C74: 0.1 | E74: 565 | F74: 56.5
E75: SUBTOTAL EQUIPO | F75: =SUM(F73:F74) -> 356.5
A76: OTROS
E78: SUBTOTAL OTROS | F78: 0
D80: COSTO DIRECTO | E80: =+F71+F75 -> 8811.38 | F80: =+ROUND(E80,0) -> 8811 | G80: 9483
A82: DEMOL.CIELO FALSO TODO TIPO (INCLUYE ESTRUCTURA) | F82: Unidad: M2
F83: 1.05
A84: DESCRIPCION | B84: UND | C84: CANT. | D84: DESP.% | E84: PRECIO UNIT | F84: VALOR TOTAL
A86: MANO DE OBRA
A87: M.O. ALBANILERIA 2 AYUDANTE | B87: HC | C87: 0.3 | D87: 0 | E87: 19222 | F87: 5766.6
E88: SUBTOTAL MANO DE OBRA | F88: 5766.6
A89: EQUIPO
A90: HERRAMIENTA MENOR | B90: GLB | C90: 0.3 | E90: 1690 | F90: 507
A91: ANDAMIO METALICO TUBULAR CERTIFICADO | B91: U/D | C91: 0.1 | E91: 3000 | F91: 300
E92: SUBTOTAL EQUIPO | F92: =SUM(F90:F91) -> 807
A93: OTROS
E95: SUBTOTAL OTROS | F95: 0
D97: COSTO DIRECTO | E97: 6273.6 | F97: =+ROUND(E97,0) -> 6274 | G97: 6890
A99: RETIRO DE SALDOS EN SITIO | F99: Unidad: M3
F100: 1.06
A101: DESCRIPCION | B101: UND | C101: CANT. | D101: DESP.% | E101: PRECIO UNIT | F101: VALOR TOTAL
A103: MANO DE OBRA
A104: M.O. ALBANILERIA 1 AYUDANTE | B104: HC | C104: 0.7 | E104: 9611 | F104: 6727.7
E105: SUBTOTAL MANO DE OBRA | F105: 6727.7
A106: EQUIPO
A107: CARRETA TIPO BUGUI | B107: DIA | C107: 0.07 | E107: 3802 | F107: 266.14
A108: HERRAMIENTA MENOR | B108: GLB | C108: 0.402 | E108: 1690 | F108: 679.38
E109: SUBTOTAL EQUIPO | F109: 945.52
A110: OTROS
E112: SUBTOTAL OTROS | F112: 0
D114: COSTO DIRECTO | E114: 7673.22 | F114: 7670 | G114: 8428
A117: RETIRO ESCOMBROS MANUAL-VOLQUETA. INCLUYE DISPOSICiÓN EN BOTADERO OFICIAL (DECRETO 0291 de 2005) | F117: Unidad: M3
F118: ITEM: 1,07
A119: DESCRIPCION | B119: UND | C119: CANT. | D119: DESP.% | E119: PRECIO UNIT | F119: VALOR TOTAL
A121: EQUIPO
A122: VOLQUETA(ACARREO) | B122: M3K | C122: 1 | E122: 29777.257 | F122: =+E122*C122 -> 29777.257
E123: SUBTOTAL EQUIPO | F123: =SUM(F122) -> 29777.257
A124: MANO DE OBRA
A125: M.O. ALBANILERIA 1 AYUDANTE | B125: HC | C125: 0.7 | E125: 11149 | F125: =+E125*C125 -> 7804.3
E126: SUBTOTAL MANO DE OBRA | F126: =SUM(F125) -> 7804.3
A127: EQUIPO
A128: HERRAMIENTA MENOR | B128: GLB | C128: 1 | E128: =0.05*F126 -> 390.215 | F128: =+E128*C128 -> 390.215
...
